Map: Moonlight Madness LE (Void)

Players

BogChocolate

  • Race: Zerg Zerg
  • League: Grandmaster

CaptRaynor - Winner!

  • Race: Terran Terran
  • League: Grandmaster

VOD

Have the link to the VOD?

Description

Time

  • Played on: Aug. 10, 2015, 5:05 p.m.
  • Length: 5:34
Show
View Real Time Build Order
Export as new Build Order

BogChocolate Zerg 

Build Orders: Hatch First 

Get SALT Encoding   

  12  0:01  Drone  
  13  0:12  Drone  
  14  0:17  Overlord  
  14  0:45  Hatchery  
  14  0:47  Drone  
  14  0:50  Drone  
  15  1:00  Drone x2  
  17  1:18  Spawning Pool  
  17  1:20  Drone x2  
  18  1:36  Extractor  
  17  1:41  Drone x2  
  19  2:00  Drone x2  
  21  2:04  Drone  
  21  2:07  Queen  
  24  2:08  Queen  
  24  2:10  Zergling x2  
  24  2:15  Zergling x2  
  28  2:23  Overlord  
  28  2:41  Overlord  
  28  2:43  Drone x3  
  31  2:49  Drone  
  32  2:52  Drone  
  32  2:53  Baneling Nest  
  32  2:58  Drone  
  32  3:03  Metabolic Boost  
  33  3:18  Zergling x2  
  33  3:19  Zergling x12  
  40  3:29  Drone  
  40  3:30  Drone x3  
  44  3:39  Extractor  
  43  3:45  Drone  
  43  3:46  Overlord x2  
  44  3:55  Baneling x2  
  44  3:56  Baneling x2  
  44  4:12  Drone x3  
  44  4:13  Drone x6  
  44  4:14  Drone x3  
  56  4:18  Extractor  
  56  4:23  Evolution Chamber  
  54  4:27  Evolution Chamber  
  52  4:53  Baneling x2  
  52  4:54  Baneling x2  
  52  5:06  Extractor  
Show
View Real Time Build Order
Export as new Build Order

CaptRaynor Terran - Winner!

Build Orders:  

Get SALT Encoding   

  12  0:01  SCV  
  13  0:14  SCV  
  14  0:22  Supply Depot  
  14  0:26  SCV  
  15  0:42  Refinery  
  15  0:44  SCV  
  15  0:48  Barracks  
  16  0:56  SCV  
  17  1:08  SCV  
  18  1:20  SCV  
  18  1:25  Supply Depot  
  19  1:26  Refinery  
  19  1:32  SCV  
  20  1:36  Supply Depot  
  20  1:38  Barracks Reactor  
  20  1:49  Orbital Command  
  20  1:57  Supply Depot  
  20  2:04  Factory  
  20  2:14  SCV  
  21  2:26  Marine x2  
  21  2:27  SCV  
  24  2:39  SCV  
  25  2:46  Marine  
  25  2:47  Marine  
  25  2:50  Factory Tech Lab  
  26  2:54  Armory, Factory Reactor, SCV  
  27  3:08  SCV  
  28  3:15  Command Center  
  28  3:18  Marine x2  
  30  3:28  SCV  
  31  3:37  Starport  
  31  3:38  Factory Reactor  
  31  3:45  SCV  
  32  3:51  Marine x2  
  34  3:58  SCV  
  35  4:10  SCV  
  35  4:11  Marine x2  
  35  4:16  Viking x2  
  42  4:18  Widow Mine x2  
  46  4:40  Marine x2  
  46  4:43  SCV  
  46  4:45  Supply Depot  
  49  4:54  Orbital Command  
  49  4:56  SCV  
  56  5:14  Marine x2  
Tags
 
Add a new tag
Caveats
  • Supply blocks, unpowered buildings, or Contaminate may cause inaccurate times.
  • Supply counts are checked every 10 seconds.